 Dungeon Crawl Stone Soup version 0.25-a0-1137-g7f6bfe439b (webtiles) character file.

Game seed: 11431486137125387173, levelgen mode: deterministic

3955 vurker the Grappler (level 10, -3/80 HPs)
             Began as a Troll Chaos Knight on May 23, 2020.
             Was a Plaything of Xom.
             Slain by a killer bee (9 damage)
             ... on level 8 of the Dungeon.
             The game lasted 00:14:53 (6949 turns).

vurker the Grappler (Troll Chaos Knight)            Turns: 6949, Time: 00:14:54

Health: -3/80      AC: -1    Str: 25    XL:     10   Next: 2%
Magic:  0/9        EV: 10    Int:  8    God:    Xom [.*....]
Gold:   370        SH: 11    Dex:  9    Spells: 9/9 levels left

rFire    . . .     SeeInvis .     - Unarmed
rCold    . . .     Gourm    +   x - +2 kite shield {AC+3}
rNeg     . . .     Faith    .   a - +2 robe
rPois    .         Spirit   +   (helmet restricted)
rElec    .         Reflect  .   (no cloak)
rCorr    .         Harm     .   (gloves unavailable)
MR       +....     Clarity  +   (boots unavailable)
Stlth    ..........             w - amulet of guardian spirit
HPRegen  0.63/turn              i - ring of attention
MPRegen  0.11/turn              l - ring of protection from magic

@: lethally poisoned (-3 -> -8), corroded
A: large, unfitting armour, claws 3, repulsion field 1, clarity, fast metabolism
3, frail 2, gourmand, regeneration 1, screaming 2, shaggy fur 1, tough skin 3
a: Renounce Religion


You were on level 8 of the Dungeon.
You worshipped Xom.
You were a plaything of Xom.
You were very full.

You visited 1 branch of the dungeon, and saw 8 of its levels.
You also visited: Sewer.

You collected 370 gold pieces.

Inventory:

Missiles
 j - 10 poisoned darts (quivered)
 v - 6 boomerangs
 y - 8 javelins
Armour
 a - a +2 robe (worn)
 x - a +2 kite shield of protection (worn)
   (You found it on level 4 of the Dungeon)
Jewellery
 i - a ring of attention (left claw)
   (You found it on level 1 of the Dungeon)
 l - a ring of protection from magic (right claw)
   (You found it on level 2 of the Dungeon)
 w - an amulet of guardian spirit (around neck)
   (You found it on level 6 of the Dungeon)
Wands
 d - a wand of iceblast (14)
   (You took it off Ijyb on level 5 of the Dungeon)
 t - a wand of flame (14)
   (You found it on level 6 of the Dungeon)
Scrolls
 b - a scroll of blinking {unknown}
 c - 5 scrolls of fear
 f - 6 scrolls of teleportation
 g - 4 scrolls of remove curse
 k - a scroll of torment {unknown}
 q - a scroll of enchant armour
Potions
 h - 2 potions of haste
 m - a potion of heal wounds {unknown}
 n - 2 potions of curing
 o - 2 potions of might
 p - 2 potions of flight
 r - a potion of lignification
 s - a potion of mutation {unknown}
 u - 3 potions of cancellation
Comestibles
 e - 18 rations
 z - 8 chunks of flesh


   Skills:
 + Level 6.8 Fighting
 - Level 1.9 Dodging
 + Level 5.1 Shields
 * Level 10.9 Unarmed Combat


You had 9 spell levels left.
You didn't know any spells.
Your spell library was empty.

Dungeon Overview and Level Annotations

Branches:
Dungeon (8/15)             Temple (0/1) D:7           Sewer (visited)
   Lair: D:8-11

Altars:
Kikubaaqudgha
Sif Muna
Uskayaw

Shops:
D:7 %

Annotations:
D:7 1 runed translucent door, surr's ghost, novice OpCj


Innate Abilities, Weirdness & Mutations

You are too large for most types of armour.
You have claws for hands.
Your metabolism is lightning-fast.
You like to eat raw meat.
Your natural rate of healing is unusually fast.
You are covered in fur. (AC +1)
You have extremely tough skin. (AC +3)
You are surrounded by a mild repulsion field. (EV +2)
You possess an exceptional clarity of mind.
You are very frail. (-20% HP)
You sometimes yell uncontrollably at your foes.


Message History

You block the killer bee's attack.
Something closely misses your crimson imp.
Your quasit completely misses the killer bee.
Your quasit closely misses the killer bee.
Your quasit barely misses the killer bee.
You miss the killer bee. The killer bee stings your quasit.
The killer bee stings you.
* * * LOW HITPOINT WARNING * * *
Your crimson imp hits the killer bee.
Something hits your crimson imp.
Your crimson imp is splashed with acid.
The killer bee barely misses your quasit.
Your crimson imp closely misses the wight.
The killer bee stings you.
* * * LOW HITPOINT WARNING * * *
You are more poisoned.
The killer bee poisons you!
Your quasit bites the killer bee but does no damage.
Your quasit claws the killer bee but does no damage. x2
Something misses your crimson imp.
You feel sick. The killer bee stings your quasit.
Your crimson imp misses the killer bee.
Something misses your crimson imp. The killer bee stings your quasit.
Your quasit bites the killer bee.
Your quasit completely misses the killer bee.
Your quasit closely misses the killer bee.
Your crimson imp hits the wight but does no damage.
The killer bee stings your crimson imp.
You feel better.
The killer bee barely misses your quasit.
You block the killer bee's attack. The killer bee stings you!
* * * LOW HITPOINT WARNING * * *
You are poisoned.
The killer bee poisons you!
The killer bee barely misses your crimson imp.
Your quasit closely misses the killer bee.
Your quasit barely misses the killer bee.
Your quasit closely misses the killer bee.
Your crimson imp hits the killer bee.
Something hits your crimson imp.
Something barely misses your crimson imp.
The killer bee stings your quasit. Something misses your crimson imp.
Your crimson imp hits the wight.
The killer bee stings you.
* * * LOW HITPOINT WARNING * * *
You are more poisoned.
The killer bee poisons you! The killer bee misses your crimson imp.
The killer bee stings you!
You die...
Xom chortles!

### #..
#.# #.#
#.#
######@##
#....5yy#
#.####y.#
###..#
#.z.5#
#.##y# #y
#z#
#..y.>z5#
#.##.#J##


You could see 4 killer bees, 2 wights, a friendly quasit (summoned) and 2
friendly crimson imps.

Vanquished Creatures
  Pikel (D:6)
  Edmund (D:6)
  3 black bears
  2 orc warriors (D:7)
  An ice beast (D:8)
  A slave (D:6)
  5 ogres
  A phantom (D:4)
  5 centaurs
  5 big kobolds (Sewer)
  3 scorpions
  5 wights (D:6)
  7 crimson imps
  A quasit (D:8)
  2 jellies
  2 orc wizards (D:5)
  A bullfrog skeleton (D:6)
  A centaur skeleton (D:5)
  2 hounds (D:5)
  2 iguanas
  Ijyb (D:5)
  6 worker ants
  A hound zombie (D:5)
  2 gnolls
  4 river rats
  19 adders
  A shadow imp (D:6)
  9 oozes
  An adder skeleton (D:5)
  8 worms
  2 dart slugs (D:2)
  4 leopard geckos
  31 orcs
  8 giant cockroaches
  5 goblins
  6 hobgoblins
  A quokka (D:2)
  5 ball pythons
  7 bats
  7 frilled lizards
  9 kobolds
  A quokka skeleton (D:4)
  10 rats
199 creatures vanquished.

Vanquished Creatures (collateral kills)
  2 crimson imps (D:7)
  A white imp (D:7)
3 creatures vanquished.

Grand Total: 202 creatures vanquished

Notes
Turn   | Place    | Note
-------+----------+-------------------------------------------
     0 | D:1      | vurker the Troll Chaos Knight began the quest for the Orb.
     0 | D:1      | Reached XP level 1. HP: 22/22 MP: 0/0
   212 | D:1      | Reached XP level 2. HP: 27/29 MP: 1/1
   289 | D:1      | XOM: silly message
   507 | D:1      | XOM: silly message
   532 | D:1      | XOM: give mutations
   532 | D:1      | Gained mutation: You are weak. (Str -2) [Xom's mischief]
   532 | D:1      | Lost mutation: You are weak. (Str -2) [Xom's mischief]
   532 | D:1      | Gained mutation: You are frail. (-10% HP) [Xom's mischief]
  1011 | D:1      | XOM: cloud trail
  1031 | D:1      | XOM is BORED!
  1031 | D:1      | XOM: summons 1 hostile shadow creature
  1098 | D:2      | Reached XP level 3. HP: 23/32 MP: 2/2
  1157 | D:2      | XOM: god gift: 19 stones
  1176 | D:2      | XOM: confusion (+ monsters)
  1185 | D:2      | Reached skill level 4 in Unarmed Combat
  1186 | D:2      | XOM: scenery: 1 doors open
  1495 | D:2      | Reached XP level 4. HP: 40/40 MP: 3/3
  1690 | D:2      | XOM: 3-stop teleportation journey
  1897 | D:2      | XOM: divination: detect creatures
  2013 | D:2      | Reached skill level 5 in Unarmed Combat
  2015 | D:2      | Reached XP level 5. HP: 47/47 MP: 4/4
  2149 | D:3      | Found an ancient bone altar of Kikubaaqudgha.
  2839 | D:3      | XOM: divination: magic mapping
  2910 | D:4      | XOM: noise
  2916 | D:4      | Noticed an ogre
  2929 | D:4      | Killed an ogre
  2999 | D:4      | Reached XP level 6. HP: 55/55 MP: 5/5
  3146 | D:4      | Reached skill level 6 in Unarmed Combat
  3231 | D:4      | XOM: give mutation
  3231 | D:4      | Gained mutation: You are surrounded by a mild repulsion
                  | field. (EV +2) [Xom's grace]
  3475 | D:4      | XOM: 3-stop teleportation journey
  3741 | D:5      | Entered Level 5 of the Dungeon
  3916 | D:5      | Reached skill level 1 in Shields
  3916 | D:5      | Reached XP level 7. HP: 58/63 MP: 6/6
  3953 | D:5      | XOM: smoke on damage
  4046 | D:5      | Noticed Ijyb
  4051 | D:5      | Killed Ijyb
  4052 | D:5      | Reached skill level 7 in Unarmed Combat
  4092 | D:5      | XOM: cleaving
  4141 | D:5      | XOM: give mutation
  4141 | D:5      | Gained mutation: You possess an exceptional clarity of
                  | mind. [Xom's grace]
  4164 | D:5      | XOM: fog
  4224 | D:5      | XOM: stat loss: -1 Str (22/23)
  4353 | D:5      | XOM: give mutations
  4353 | D:5      | Gained mutation: You are very frail. (-20% HP) [Xom's
                  | mischief]
  4353 | D:5      | Gained mutation: You occasionally shout uncontrollably at
                  | your foes. [Xom's mischief]
  4414 | D:5      | Found a glowing drain.
  4422 | Sewer    | Entered a sewer
  4456 | Sewer    | XOM: silly message
  4497 | Sewer    | XOM: potion effect (might)
  4502 | Sewer    | Reached XP level 8. HP: 63/63 MP: 7/7
  4583 | Sewer    | Reached skill level 5 in Fighting
  4583 | Sewer    | Reached skill level 8 in Unarmed Combat
  4614 | Sewer    | XOM: silly message
  4669 | Sewer    | XOM: silly message
  4897 | Sewer    | XOM: cloud trail
  5312 | D:6      | XOM is BORED!
  5312 | D:6      | XOM: blink monster(s)
  5348 | D:6      | Reached skill level 9 in Unarmed Combat
  5362 | D:6      | XOM: noise
  5368 | D:6      | XOM: divination: magic mapping
  5379 | D:6      | Reached XP level 9. HP: 70/71 MP: 8/8
  5578 | D:6      | Noticed Edmund
  5581 | D:6      | XOM: divination: magic mapping
  5583 | D:6      | XOM: give mutations
  5583 | D:6      | Gained mutation: You are dopey. (Int -2) [Xom's mischief]
  5583 | D:6      | Gained mutation: You sometimes yell uncontrollably at your
                  | foes. [Xom's mischief]
  5583 | D:6      | Lost mutation: You are dopey. (Int -2) [Xom's mischief]
  5588 | D:6      | Killed Edmund
  5890 | D:6      | Noticed Pikel
  5891 | D:6      | XOM: cleaving
  5901 | D:6      | Killed Pikel
  5901 | D:6      | Reached skill level 10 in Unarmed Combat
  6045 | D:7      | Found a hide-covered altar of Uskayaw.
  6045 | D:7      | XOM: noise
  6170 | D:7      | Found Geibeluh's Food Shoppe.
  6234 | D:7      | XOM: summons 3 hostile demons
  6278 | D:7      | Found a runed translucent door.
  6285 | D:7      | Found a staircase to the Ecumenical Temple.
  6313 | D:7      | XOM: 1-stop teleportation journey
  6552 | D:7      | XOM: enchant monster (bad)
  6553 | D:7      | XOM: confuse monster(s)
  6556 | D:7      | XOM: summons 2 friendly demons
  6730 | D:7      | Noticed surr's ghost (novice OpCj)
  6843 | D:8      | Found a shimmering blue altar of Sif Muna.
  6851 | D:8      | Reached skill level 5 in Shields
  6903 | D:8      | XOM: summons 5 hostile demons
  6904 | D:8      | Noticed a rust devil
  6904 | D:8      | Noticed a hellwing
  6925 | D:8      | Reached XP level 10. HP: 29/80 MP: 2/9
  6933 | D:8      | XOM: 1-stop teleportation journey
  6941 | D:8      | XOM: summons 5 friendly demons
  6947 | D:8      | HP: 4/80 [killer bee (4)]
  6949 | D:8      | Slain by a killer bee

Illustrated notes

Levels and vault maps discovered:
D:1:      lemuel_arrival_behind_the_door_large, layout_basic,
          wander_ebering_terrifying_dragon_lair
D:2:      minmay_razor_zed, layout_loops_corners
D:3:      layout_loops_corners, kiku_gazebo_garden_becter, first_ration
D:4:      layout_basic, chequers_serial_rivers_micro_a, chequers_mini_garden,
          corexii_checkpoint_a
D:5:      layout_cave_pods, gup_sewer_entry_bubbles, grunt_ministairs_4,
          uniq_ijyb
D:6:      layout_basic, serial_rivers, chequers_serial_rivers_small_a,
          chequers_serial_rivers_marsh, chequers_serial_rivers_micro_d,
          chequers_serial_rivers_micro_e, chequers_serial_rivers_room_b,
          chequers_serial_rivers_small_3, uniq_edmund, uniq_pikel
D:7:      layout_loops_ring, eat_drink_and_be_merry_uskayaw, temple_doors_e,
          ebering_ghost_reflecting_pool, serial_shops, shop_fountains,
          minmay_nine_imps
D:8:      layout_loops_cross, overflow_temple_1_default,
          gup_ossuary_entry_pyramid

Skill      XL: |  1  2  3  4  5  6  7  8  9 |
---------------+----------------------------+-----
Unarmed Combat | 4 5 6 7 9 10 | 10.9
Fighting       | 3 4 5 6 |  6.8
Shields        | 1 2 3 5 |  5.1
Dodging        | |  1.9

Action                   |  1- 3 |  4- 6 |  7- 9 | 10-12 || total
-------------------------+-------+-------+-------+-------++-------
Melee: Unarmed           |   106 |   185 |   346 |    14 ||   651
Throw: Dart              |       |     6 |       |       ||     6
  Use: Scroll            |       |    14 |     3 |       ||    17
       Potion            |       |       |       |     1 ||     1
 Stab: Confused          |       |       |     2 |       ||     2
  Eat: Chunk             |    19 |    20 |    31 |       ||    70
Armor: Robe              |    35 |    79 |   102 |     1 ||   217
Dodge: Dodged            |    60 |    65 |   118 |     1 ||   244
Block: Kite shield       |       |    24 |   182 |     8 ||   214

Table legend:
 A = Non-vault XP
 B = Vault XP
 C = Vault XP percentage of total XP
 D = Non-vault monster count
 E = Vault monster count
 F = Vault count percentage of total count
                 A         B        C        D         E       F
            +---------+---------+-------+---------+---------+-------
      Total |    3621 |    2029 |  35.9 |     139 |      62 |  30.8
            +---------+---------+-------+---------+---------+-------
        D:1 |      35 |       1 |   2.8 |      12 |       1 |   7.7
        D:2 |     112 |      64 |  36.4 |      25 |      11 |  30.6
        D:3 |      31 |       0 |   0.0 |      16 |       0 |   0.0
        D:4 |     326 |       4 |   1.2 |      18 |       2 |  10.0
        D:5 |     653 |     138 |  17.4 |      18 |       9 |  33.3
        D:6 |    1064 |     831 |  43.9 |      23 |       2 |   8.0
        D:7 |     755 |     345 |  31.4 |      19 |       9 |  32.1
        D:8 |     645 |       0 |   0.0 |       8 |       0 |   0.0
      Sewer |       0 |     646 | 100.0 |       0 |      28 | 100.0
            +---------+---------+-------+---------+---------+-------
